 Dungeon Crawl Stone Soup version 0.23-a0-612-gcb482e9 (console) character file.

91 bli the Insei (level 4, -1/29 HPs)
             Began as an Octopode Transmuter on Dec 21, 2018.
             Succumbed to an orc's poison
             ... on level 3 of the Dungeon.
             The game lasted 00:03:53 (1484 turns).

bli the Insei (Octopode Transmuter)                 Turns: 1484, Time: 00:03:54

Health: -1/29      AC:  1    Str: 14    XL:     4   Next: 57%
Magic:  7/7        EV: 14    Int: 15    God:
Gold:   156        SH:  0    Dex: 16    Spells: 6/7 levels left

rFire    . . .     SeeInvis .     - Unarmed
rCold    . . .     Gourm    .   (no shield)
rNeg     . . .     Faith    .   (helmet restricted)
rPois    .         Spirit   .   (no amulet)
rElec    .         Reflect  .   l - +3 ring of dexterity
rCorr    .         Harm     .   (no ring)
MR       .....                  (no ring)
Stlth    +++.......             (no ring)
HPRegen  0.09/turn              (no ring)
MPRegen  0.10/turn              (no ring)
                                (no ring)
                                (no ring)

@: mighty, lethally poisoned (-1 -> -28), appendage (expiring)
A: almost no armour, stealthy swim, amphibious, 8 rings, constrict 8, tentacle
spike 3, camouflage 1, gelatinous body 1
a: End Transformation


You were on level 3 of the Dungeon.
You were not hungry.
One of your tentacles had a temporary spike.
You visited 1 branch of the dungeon, and saw 3 of its levels.

You collected 156 gold pieces.

Inventory:

Hand Weapons
 f - a +3 whip
Missiles
 a - 68 arrows
 d - 58 stones (quivered)
 g - 7 javelins
Jewellery
 l - a +3 ring of dexterity (left tentacle)
Scrolls
 e - a scroll of fear {unknown}
 h - 2 scrolls of fog {unknown}
 i - 2 scrolls of amnesia {unknown}
 j - 3 scrolls of identify {unknown}
 n - a scroll of noise {unknown}
 o - a scroll of remove curse {unknown}
Potions
 b - a potion of curing {unknown}
 k - a potion of might
 m - a potion of agility {unknown}
 q - a potion of flight {unknown}
 r - a potion of haste {unknown}
Comestibles
 c - 4 rations
 p - 2 chunks of flesh


   Skills:
 * Level 2.2 Fighting
 + Level 2.4 Dodging
 + Level 1.8 Stealth
 + Level 4.1 Unarmed Combat
 - Level 2.0 Spellcasting
 - Level 2.0 Transmutations


You had 6 spell levels left.
You knew the following spells:

 Your Spells              Type           Power        Failure   Level  Hunger
a - Beastly Appendage     Tmut           #.....       10%         1    #......

Your spell library contained the following spells:

 Spells                   Type           Power        Failure   Level  Hunger
 Sticks to Snakes         Tmut           #.......     14%         2    ###....
 Spider Form              Tmut/Pois      #.........   41%         3    ###....
 Ice Form                 Ice/Tmut       #.......     82%         4    #####..
 Blade Hands              Tmut           #.........   95%         5    ######.


Dungeon Overview and Level Annotations

Branches:
Dungeon (3/15)

Altars:
Trog


Innate Abilities, Weirdness & Mutations

You cannot wear most types of armour.
You are very stealthy in the water. (Stealth+)
You are amphibious.
You can wear up to eight rings at the same time.
You can use your tentacles to constrict eight enemies at once.
Your skin changes colour to match your surroundings (Stealth+).
Your rubbery body absorbs attacks. (AC +1, EV +1)
One of your tentacles bears a large vicious spike.


Message History

You constrict the orc, but do no damage.
You constrict the adder.
You feel sick. The adder misses you.
The orc hits you with a +2 whip of venom.
You are more poisoned.
The adder closely misses you.
You tentacle-slap the orc.
You kill the orc!
You constrict the adder.
* * * LOW HITPOINT WARNING * * *
You feel sick. The bat misses you. The adder closely misses you.
It was a potion of might.
You feel very mighty all of a sudden.
You constrict the adder.
You kill the adder!
* * * LOW HITPOINT WARNING * * *
You feel sick. The bat hits you.
* * * LOW HITPOINT WARNING * * *
The goblin unwields a +0 club.
The goblin wields a +0 hunting sling.
The goblin
* * * LOW HITPOINT WARNING * * *
You die...

#..............
#.?............
#..$...........
#..............
#............
#....b....
#....g.# #@†#
#(.# #.## #.#
#.## ####..###
#.......####
#...........
####...#.##.
#.#.#..#
###......##


You could see a goblin and a bat.

Vanquished Creatures
  A gnoll (D:1)
  4 adders
  A worm (D:2)
  A dart slug (D:2)
  3 leopard geckos (D:2)
  An orc (D:3)
  6 bats
  5 goblins
  5 hobgoblins
  6 kobolds
  A quokka (D:2)
  A frilled lizard (D:2)
  3 rats
38 creatures vanquished.

Notes
Turn   | Place    | Note
-------+----------+-------------------------------------------
     0 | D:1      | bli the Octopode Transmuter began the quest for the Orb.
     0 | D:1      | Reached XP level 1. HP: 13/13 MP: 3/3
   358 | D:1      | Reached XP level 2. HP: 18/18 MP: 3/5
   661 | D:1      | Reached XP level 3. HP: 23/23 MP: 4/6
  1038 | D:2      | Reached skill level 1 in Stealth
  1144 | D:2      | Reached XP level 4. HP: 29/29 MP: 5/7
  1145 | D:2      | Reached skill level 4 in Unarmed Combat
  1360 | D:2      | Found a bloodstained altar of Trog.
  1483 | D:3      | HP: 1/29 [goblin/stone (4)]
  1484 | D:3      | Succumbed to an orc's poison

Vault maps used:
D:1:      dpeg_arrival_orchard
D:2:      lemuel_coloured_pillars_altar
D:3:      gammafunk_temple_overflow_forgotten, first_ration,
          chequers_serial_rivers_micro_e, uniq_crazy_yiuf_cottage

Skill      XL: |  1  2  3  4 |
---------------+-------------+-----
Stealth        | 1 |  1.8
Fighting       | 2 |  2.2
Unarmed Combat | 4 |  4.1
Dodging        | |  2.4
Spellcasting   | |  2.0
Transmutations | |  2.0

Action                   |  1- 3 |  4- 6 || total
-------------------------+-------+-------++-------
Melee: Unarmed           |    53 |    26 ||    79
       Tentacles         |    10 |     7 ||    17
       Constrict         |    15 |     8 ||    23
       Kick              |    12 |     4 ||    16
       Punch             |       |     1 ||     1
 Cast: Beastly Appendage |     9 |     4 ||    13
  Use: Potion            |       |     1 ||     1
 Stab: Sleeping          |     5 |     3 ||     8
  Eat: Chunk             |     1 |     1 ||     2
Armor: Skin              |     4 |     2 ||     6
Dodge: Dodged            |    30 |    21 ||    51

Table legend:
 A = Non-vault XP
 B = Vault XP
 C = Vault XP percentage of total XP
 D = Non-vault monster count
 E = Vault monster count
 F = Vault count percentage of total count
                 A         B        C        D         E       F
            +---------+---------+-------+---------+---------+-------
      Total |     130 |       0 |   0.0 |      38 |       0 |   0.0
            +---------+---------+-------+---------+---------+-------
        D:1 |      35 |       0 |   0.0 |      14 |       0 |   0.0
        D:2 |      79 |       0 |   0.0 |      22 |       0 |   0.0
        D:3 |      16 |       0 |   0.0 |       2 |       0 |   0.0
            +---------+---------+-------+---------+---------+-------
